 Dungeon Crawl Stone Soup version 0.30.0 (webtiles) character file.

Game seed: 6010279778746978454

51 BraveNewWorl the Covered (level 4, 24/35 HPs)
             Began as a Human Fighter on Dec 19, 2023.
             Quit the game on level 2 of the Dungeon.
             The game lasted 00:12:53 (900 turns).

BraveNewWorl the Covered (Human Fighter)             Turns: 900, Time: 00:12:54

Health: 24/35      AC:  6    Str: 18    XL:     4   Next: 5%
Magic:  4/4        EV:  9    Int:  9    God:
Gold:   78         SH:  4    Dex: 12    Spells: 3/3 levels left

rFire   . . .        a - +0 long sword
rCold   . . .        c - +0 buckler
rNeg    . . .        b - +0 scale mail
rPois   .            (no helmet)
rElec   .            (no cloak)
rCorr   .            (no gloves)
SInv    .            (no boots)
Will    .....        (no amulet) Stlth
                     (no ring)
HPRegen 0.25/turn    (no ring)
MPRegen 0.09/turn

%: no passive effects
@: no status effects
A: no striking features
a: no special abilities


You were on level 2 of the Dungeon.
You visited 1 branch of the dungeon, and saw 2 of its levels.

You collected 78 gold pieces.

Inventory:

Hand Weapons
 a - a +0 long sword (weapon)
Armour
 b - a +0 scale mail (worn)
 c - a +0 buckler (worn)
Scrolls
 d - 3 scrolls of magic mapping {unknown}
 f - 2 scrolls of teleportation {unknown}
 g - a scroll of immolation {unknown}
 h - a scroll of enchant armour {unknown}
 j - a scroll of fear {unknown}
 k - a scroll of vulnerability {unknown}
Potions
 e - 3 potions of heal wounds
 i - 3 potions of curing


   Skills:
 + Level 3.3 Fighting
 + Level 2.6 Long Blades
 + Level 3.4 Armour
 + Level 0.8 Dodging
 + Level 3.3 Shields


You had 3 spell levels left.
You didn't know any spells.
Your spell library contained the following spells:

 Spells                   Type           Power      Damage    Failure   Level
 Volatile Blastmotes      Fire/Tloc      0%         2d10      99%         3
 Fulminant Prism          Conj/Hex       0%         3d5       100%        4
 Iskenderun's Mystic Bla  Conj/Tloc      0%         2d3       100%        4
 Lee's Rapid Deconstruct  Erth           0%         3d4*      100%        5


Dungeon Overview and Level Annotations

Branches:
Dungeon (2/15)

Altars:


Message History

The jackal closely misses you.
You hit the jackal but do no damage. The jackal bites you. x3
The jackal barely misses you. The jackal attacks as you move away!
The jackal bites you. The jackal closely misses you.
The jackal closely misses you. The jackal barely misses you. x2
The jackal bites you but does no damage.
You see here a quokka corpse.
The jackal attacks as you move away! The jackal barely misses you.
The jackal attacks as you move away!
The jackal bites you but does no damage.
The jackal completely misses you.
The jackal bites you but does no damage.
You hit the jackal but do no damage. The jackal bites you.
The jackal closely misses you. The jackal barely misses you.
You closely miss the jackal. The jackal completely misses you.
The jackal bites you.
You hit the jackal.
The jackal is moderately wounded.
The jackal closely misses you.
You slash the jackal!
You kill the jackal!
You block the jackal's attack.
You have reached level 4!
You feel clever.
You hit the jackal.
You kill the jackal!
The rat barely misses you.
You slash the rat!
You kill the rat!
No target in view!
Things that are here:
a rat corpse; a jackal corpse You see here a quokka corpse.
You see here a jackal corpse.
You now have 78 gold pieces (gained 17).
Unknown command.
Unknown command.
Are you sure you want to abandon this character and quit the game? (Confirm with "yes".)

.......#
#.##......####
#..##..#
#.#..##.#<....
#..# ..#
#†#.###.#.####
#..# #...<......
# ..
#####.#####.....
.. #....†#
#..#### #..†..#
#..# #.....#
#... #@..†.#
#..........
#....###...
#.....# ...
#.....# ..
..##### # ..?
....


There were no monsters in sight!

Vanquished Creatures
  2 dart slugs (D:1)
  2 endoplasms (D:1)
  2 giant cockroaches (D:1)
  4 goblins (D:1)
  7 hobgoblins (D:1)
  6 jackals (D:2)
  A quokka (D:2)
  3 ball pythons (D:1)
  4 bats
  3 frilled lizards
  2 kobolds (D:1)
  6 rats
42 creatures vanquished.

Notes
Turn   | Place    | Note
-------+----------+-------------------------------------------
     0 | D:1      | BraveNewWorl the Human Fighter began the quest for the Orb.
     0 | D:1      | Reached XP level 1. HP: 18/18 MP: 1/1
    70 | D:1      | Reached XP level 2. HP: 24/24 MP: 2/2
   236 | D:1      | Reached XP level 3. HP: 22/29 MP: 3/3
   886 | D:2      | Reached XP level 4. HP: 20/35 MP: 4/4
   900 | D:2      | Quit the game

Illustrated notes

Levels and vault maps discovered:
D:1:      dpeg_arrival_windows_large_door, layout_rooms
D:2:      layout_basic, serial_shops, shop

Action                     |  1- 3 |  4- 6 || total
---------------------------+-------+-------++-------
  Melee: Long sword        |   120 |     2 ||   122
    Use: Potion            |     3 |       ||     3
 Armour: Scale mail        |    70 |       ||    70
  Dodge: Dodged            |    85 |     1 ||    86
  Block: Buckler           |    35 |       ||    35
